 Dungeon Crawl Stone Soup version 0.30-a0-4-ga7cffc901d (webtiles) character file.

Game seed: 310012473561147158

252 enile the Ducker (level 6, -8/40 HPs)
             Began as a Djinni Fire Elementalist on Aug 21, 2022.
             Was a Believer of Dithmenos.
             Mangled by Ijyb
             ... wielding a +4 dagger of electrocution
              (19 damage)
             ... on level 3 of the Dungeon.
             The game lasted 00:02:45 (3508 turns).

enile the Ducker (Djinni Fire Elementalist)         Turns: 3508, Time: 00:02:46

Health: -8/40      AC:  3    Str:  7    XL:     6   Next: 36%
Gold:   119        EV: 13    Int: 19    God:    Dithmenos [**....] SH:  0 Dex: 13

rFire   + + .      SeeInvis .    c - +1 dagger (venom)
rCold   x . .      Faith    .    (no shield)
rNeg    . . .      Spirit   .    a - +1 robe
rPois   ∞          Reflect  .    (no helmet)
rElec   .          Harm     .    (no cloak)
rCorr   .          Rampage  .    (no gloves)
Will    .....                    (boots unavailable)
Stlth   +++.......               (no amulet)
HPRegen 0.13/turn                (no ring)
MPRegen 0.00/turn                (no ring)

@: flying, wreathed by umbra
A: sickness immunity, fire resistance 2, cold vulnerability 1, float, innate
caster, HP casting, extra vitality 1
a: Renounce Religion, Shadow Step


You were on level 3 of the Dungeon.
You worshipped Dithmenos.
Dithmenos was pleased with you.
You visited 1 branch of the dungeon, and saw 3 of its levels.

You collected 119 gold pieces.

Inventory:

Hand Weapons
 c - a +1 dagger of venom (weapon)
 i - a +0 executioner's axe
Armour
 a - a +1 robe (worn)
Scrolls
 b - a scroll of identify
 j - a scroll of blinking
Potions
 d - a potion of might
 e - 2 potions of lignification {unknown}
 f - a potion of magic
 k - a potion of flight


   Skills:
 + Level 0.0 Fighting
 - Level 4.2 Dodging
 - Level 3.4 Stealth
 - Level 3.5 Spellcasting


You couldn't memorise any spells.
You knew the following spells:

 Your Spells              Type           Power      Damage    Failure   Level
a - Foxfire               Conj/Fire      64%        2x1d7     3%          1
b - Scorch                Fire           32%        2d6       5%          2
c - Conjure Flame         Conj/Fire      16%        6-21      11%         3
d - Inner Flame           Hex/Fire       16%        N/A       11%         3
e - Flame Wave            Conj/Fire      16%        2d7       34%         4
f - Freeze                Ice            64%        1d8       3%          1
g - Wereblood             Tmut           16%        N/A       5%          2
Your spell library was empty.

Dungeon Overview and Level Annotations

Branches:
Dungeon (3/15)

Altars:
Dithmenos
Yredelemnul

Annotations:
D:3 1 runed translucent door, Ijyb


Innate Abilities, Weirdness & Mutations

You are immune to sickness and miasma.
You are immune to poison.
Your flesh is very heat resistant. (rF++)
You are vulnerable to cold. (rC-)
You float through the air rather than walking.
You learn spells naturally, not from books.
Your magical power is your life essence.
You have superior vitality. (+4 MHP)


Message History

A frilled lizard comes into view.
Ijyb the Twisted Goblin comes into view.
She is wielding a +4 dagger of electrocution and carrying a wand of roots (10).
Casting: Foxfire (safe; 3% risk of failure)
Confirm with . or Enter, or press ? or * to list all spells.
You conjure some foxfire!
Ijyb shouts!
The frilled lizard hisses angrily.
The foxfire hits Ijyb but does no damage.
Ijyb is nearby!
Casting: Foxfire (safe; 3% risk of failure)
Confirm with . or Enter, or press ? or * to list all spells.
You conjure some foxfire!
Ijyb zaps a wand.
The roots erupt in riotous growth!
The grasping roots grab you!
Your foxfire is unaffected. x2
The grasping roots constrict you.
The foxfire hits Ijyb.
Ijyb is lightly wounded.
The foxfire hits Ijyb but does no damage.
Ijyb is lightly wounded.
Ijyb drinks a potion.
Ijyb seems to speed up.
The grasping roots constrict you.
Your foxfire dissipates!
There are monsters nearby!
Casting: Foxfire (safe; 3% risk of failure)
Confirm with . or Enter, or press ? or * to list all spells.
You conjure some foxfire!
The grasping roots constrict you.
A giant cockroach comes into view.
A goblin comes into view. It is wielding a +0 whip.
Ijyb hits you with a +4 dagger of electrocution.
The grasping roots constrict you.
The grasping roots release their grip on you.
The foxfire hits Ijyb but does no damage.
Ijyb is lightly wounded.
Ijyb hits you with a +4 dagger of electrocution!
There are monsters nearby!
Casting: Foxfire (safe; 3% risk of failure)
Confirm with . or Enter, or press ? or * to list all spells.
You conjure some foxfire!
Ijyb hits you with a +4 dagger of electrocution.
* * * LOW HITPOINT WARNING * * *
You are electrocuted!!
You die...

....# #.# ###......# .#
###.###..# .# ....# #..#
.# ...## #..# #.#
#..####..# ..
.........####### .#
#........##....##v###...
##§#...........v@v...B..
#.#.....###.####g###.##
#.##...###..####l#
#.#.....)....r....
#.#<######..##.###.
#.#.# #.......... #.#.#
#..##.#.##g# #.#.#
##.##[..g... #...#
#....#.#..


You could see Ijyb (fast, ally target), a giant cockroach, a goblin and a
frilled lizard.

Vanquished Creatures
  Grinder (D:3)
  An adder (D:3)
  A dart slug (D:2)
  An orc (D:3)
  An endoplasm (D:2)
  8 hobgoblins
  5 jackals
  4 ball pythons
  4 bats
  3 frilled lizards
  5 goblins
  A jackal zombie (D:3)
  3 kobolds
  6 rats
44 creatures vanquished.

Vanquished Creatures (collateral kills)
  5 foxfires (D:2)
5 creatures vanquished.

Vanquished Creatures (others)
  152 foxfires
  16 plants (D:2)
168 creatures vanquished.

Grand Total: 217 creatures vanquished

Notes
Turn   | Place    | Note
-------+----------+-------------------------------------------
     0 | D:1      | enile the Djinni Fire Elementalist began the quest for the
                  | Orb.
     0 | D:1      | enile set off with the following spells memorised: Foxfire,
                  | Scorch, Conjure Flame, Inner Flame, Flame Wave.
     0 | D:1      | Reached XP level 1. HP: 15/15 MP: 0/0
   261 | D:1      | Found a faded altar of an unknown god.
   270 | D:1      | Prayed at the altar of an unknown god.
   270 | D:1      | Became a worshipper of Dithmenos the Shadowed
   270 | D:1      | Reached * piety under Dithmenos
   273 | D:1      | Reached XP level 2. HP: 20/21 MP: 0/0
  1160 | D:2      | Reached XP level 3. HP: 12/25 MP: 0/0
  1160 | D:2      | Learned a level 1 spell: Freeze
  2387 | D:3      | Reached ** piety under Dithmenos
  2464 | D:3      | Noticed Grinder
  2709 | D:3      | Reached skill level 3 in Dodging
  2758 | D:3      | Reached XP level 4. HP: 25/31 MP: 0/0
  3066 | D:3      | Found a runed translucent door.
  3066 | D:3      | Noticed a human
  3086 | D:3      | Found a basalt altar of Yredelemnul.
  3240 | D:3      | Killed Grinder
  3241 | D:3      | Reached skill level 4 in Dodging
  3241 | D:3      | Reached XP level 5. HP: 18/35 MP: 0/0
  3241 | D:3      | Learned a level 2 spell: Wereblood
  3241 | D:3      | Reached XP level 6. HP: 21/40 MP: 0/0
  3501 | D:3      | Noticed Ijyb
  3508 | D:3      | Mangled by Ijyb

Illustrated notes

Levels and vault maps discovered:
D:1:      dpeg_arrival_concentric_ovals, layout_basic,
          chequers_ecumenical_altar_simple, minmay_tiny_reverse_x
D:2:      minmay_diamond_boxcup, layout_basic, serial_bayou,
          serial_bayou_pond_c, serial_bayou_shore_a, serial_bayou_pond_a,
          serial_bayou_lagoon_a
D:3:      layout_loops_ring, mainiacjoe_overflow_tiny_flanked,
          dk_yredelemnul_ordeal, minmay_diced_spiral, uniq_grinder, uniq_ijyb

Skill      XL: |  1  2  3  4 |
---------------+-------------+-----
Stealth        | 2 3 |  3.4
Dodging        | 3 4 |  4.2
Spellcasting   | 3 |  3.5

Action                   |  1- 3 |  4- 6 || total
-------------------------+-------+-------++-------
Melee: Dagger            |       |     3 ||     3
 Cast: Foxfire           |    76 |    17 ||    93
       Scorch            |    10 |     4 ||    14
       Inner Flame       |       |     1 ||     1
  Use: Scroll            |     5 |       ||     5
       Potion            |     3 |       ||     3
Armor: Robe              |     3 |     1 ||     4
Dodge: Dodged            |     5 |    14 ||    19

Table legend: (Time is in decaauts)
 A = Elapsed time spent in this place.
 B = Non-inter-level travel time spent in this place.
 C = Inter-level travel time spent in this place.
 D = Time resting spent in this place.
 E = Time spent auto-exploring this place.
 F = Levels seen in this place.
 G = Mean time per level.
                   A        B        C        D        E       F      G
               +--------+--------+--------+--------+--------+-----+--------+
         Total |   3509 |   3325 |    184 |    379 |   2560 |   3 | 1169.7 |
       Dungeon |   3509 |   3325 |    184 |    379 |   2560 |   3 | 1169.7 |
               +--------+--------+--------+--------+--------+-----+--------+

Top non-repeatable levels by time:
     D:2: 2071 daAuts
     D:1: 819 daAuts
     D:3: 618 daAuts
